 Dungeon Crawl Stone Soup version bcrawl-1.35.4c (webtiles) character file.

Game seed: 17013753909436383015

141460 MisterOstroum the Poker (level 5, -5/45 HPs)
             Began as an Oni Skald on Mar 4, 2022.
             Slain by an orc
             ... wielding a +0 trident
              (8 damage)
             ... on level 3 of the Dungeon.
             The game lasted 00:06:44 (2667 turns).

MisterOstroum the Poker (Oni Skald)                 Turns: 2667, Time: 00:06:44

Health: -5/45      AC:  6    Str: 16    XL:     5   Next: 48%
Magic:  6/11       EV: 11    Int: 14    God:
Gold:   134        SH:  0    Dex: 10    Spells: 2/9 levels left

rFire    . . .     SeeInvis .   b - +2 short sword (venom)
rCold    . . .     Gourm    .   (no shield)
rNeg     . . .     Faith    .   m - +0 leather armour
rPois    .         Spirit   .   (helmet restricted)
rElec    .         Reflect  .   (no cloak)
rCorr    .                      (no gloves)
MR       .....                  h - +2 pair of boots
Stlth    +.........             (no amulet)
HPRegen  0.15/turn              (no ring)
MPRegen  0.12/turn              (no ring)

@: very slightly contaminated
A: oni magic, claws 1, fangs 1, horns 1
a: no special abilities


You were on level 3 of the Dungeon.
You were near starving.

You visited 1 branch of the dungeon, and saw 3 of its levels.

You collected 134 gold pieces.

Inventory:

Hand Weapons
 a - a +0 trident
 b - a +2 short sword of venom (weapon)
 p - a +1 whip of venom
 q - a +0 morningstar
Missiles
 j - 511 stones (quivered)
 k - 207 arrows
Armour
 h - a +2 pair of boots (worn)
 m - a +0 leather armour (worn)
 r - a +0 ring mail
Scrolls
 d - a scroll of fear {!r}
 g - a scroll of enchant armour {unknown}
 i - a scroll of identify {@r1}
 n - a scroll of enchant weapon {unknown}
 s - a scroll of teleportation {unknown}
Potions
 c - a potion of curing {unknown}
 f - a potion of ambrosia
 l - 2 potions of degeneration {unknown}
 o - a potion of cancellation {unknown}
Comestibles
 e - 4 rations {!d}


   Skills:
 + Level 3.2 Fighting
 - Level 2.0 Short Blades
 - Level 0.2 Maces & Flails
 - Level 3.4 Polearms
 - Level 0.8 Armour
 - Level 1.7 Dodging
 * Level 2.9 Spellcasting
   Level 2.9 Conjurations
   Level 2.9 Hexes
   Level 2.9 Charms
   Level 2.9 Summonings
   Level 2.9 Necromancy
   Level 2.9 Translocations
   Level 2.9 Transmutations
   Level 2.9 Fire Magic
   Level 2.9 Ice Magic
   Level 2.9 Air Magic
   Level 2.9 Earth Magic
   Level 2.9 Poison Magic


You had 2 spell levels left.
You knew the following spells:

 Your Spells              Type           Power        Failure   Level  Hunger
a - Infusion              Chrm           ##......     7%          1    None
b - Song of Slaying       Chrm           ##......     10%         2    #......
c - Spectral Weapon       Hex/Chrm       ##......     24%         3    ####...
d - Summon Butterflies    Summ           ##......     7%          1    None

Your spell library contained the following spells:

 Spells                   Type           Power        Failure   Level  Hunger
 Swiftness                Chrm/Air       ##......     12%         2    #......
 Beckoning                Tloc           ##........   21%         3    ####...
 Ozocubu's Armour         Chrm/Ice       ##......     24%         3    ####...
 Regeneration             Chrm/Necr      ##........   24%         3    ####...


Dungeon Overview and Level Annotations

Branches:
Dungeon (3/12)

Altars:

Annotations:
D:2 1 runed door, Sigmund


Innate Abilities, Weirdness & Mutations

You learn spells by gaining experience, not through books or religion.
You only train spellcasting to practice magic.
You have sharp fingernails.
You have very sharp teeth.
You have a pair of small horns on your head.


Message History

Things that are here:
a +0 long sword; a kobold corpse
s - a scroll labeled JUMIF ESCHAIPP
e - 3 rations {!d} (gained 1)
You see here a club.
j - 511 stones (gained 177)
The orc is too close now for your liking.
An orc is nearby!
An orc is nearby!
An orc priest comes into view. It is wielding a +0 dagger.
What are your orders? t - Shout!
Orders for allies: a - Attack new target. r - Retreat! s - Stop attacking. g - Guard the area. f - Follow me.
Anything else - Cancel.
Okay, then.
The kobold shouts!
The kobold barely misses you.
You hit the kobold.
You kill the kobold!
You puncture the orc!
The orc is poisoned.
Your bite misses the orc.
The orc is almost dead.
You kill the orc!
No target in view!
Things that are here:
a +0 dagger; a kobold corpse You now have 134 gold pieces (gained 20).
Items here: )) [ ÷÷ a +0 scale mail; a +0 dagger; a cursed +0 hand axe; an orc skeleton x2
There isn't anything to butcher here.
There isn't anything to butcher here.
Items here: ))) [ ÷ a +0 hand axe; a +0 leather armour; a +0 dagger; a +0 war axe of chopping an orc skeleton There isn't anything to butcher here.
There isn't anything to butcher here.
Search for what [Enter for "."]? brand You are near starving!
Things that are here:
a +0 chain mail; a +0 trident
Items here: ))) [ ÷ a +0 hand axe; a +0 leather armour; a +0 dagger; a +0 war axe of chopping an orc skeleton
Okay, then.
e - 4 rations {!d} (gained 1)
An orc comes into view. It is wielding a +0 hand axe.
The orc shouts!
You hear a shout!
Casting: Infusion (safe; 7% risk of failure)
Confirm with . or Enter, or press ? or * to list all spells.
You begin infusing your attacks with magical energy.
Casting: Infusion (safe; 7% risk of failure)
Confirm with . or Enter, or press ? or * to list all spells.
You start singing a song of slaying.
Casting: Song of Slaying (safe; 11% risk of failure)
Confirm with . or Enter, or press ? or * to list all spells.
You miscast Spectral Weapon.
You are very lightly contaminated with residual magic.
Multicoloured lights dance before your eyes!
You hit the orc.
The orc is poisoned.
The orc is heavily wounded.
The orc hits you but does no damage.
The orc hits you from afar with a +0 trident.
You closely miss the orc.
The orc is heavily wounded.
The orc barely misses you.
You hit the orc.
You kill the orc!
The orc hits you from afar with a +0 trident!
The orc hits you but does no damage.
Items here: ) ? [ † a +0 hand axe; a +0 scale mail; a scroll labeled JUMIF ESCHAIPP; an orc corpse Your magical infusion is running out.
You hear a shout!
You block the orc's attack.
You hit the orc but do no damage. You headbutt the orc.
The orc is severely wounded.
You hear a shout!
The orc hits you but does no damage.
You closely miss the orc.
The orc is severely wounded.
The orc priest calls upon Beogh to heal the orc.
The orc's wounds heal themselves!
The orc hits you with a +0 trident.
The orc priest calls down the wrath of Beogh upon you.
Beogh smites you!
A quokka comes into view.
Items here: ) ? [ † a +0 hand axe; a +0 scale mail; a scroll labeled JUMIF ESCHAIPP; an orc corpse The orc priest calls down the wrath of Beogh upon you.
Beogh smites you!
* * * LOW HITPOINT WARNING * * *
You are no longer magically infusing your attacks.
You block the orc's attack.
Your song is almost over.
The orc priest invokes the aid of Beogh against you.
Beogh smites you!
* * * LOW HITPOINT WARNING * * *
Your song has ended.
The orc hits you from afar with a +0 trident!
You die...

)#######...?.....#..or..........
..## ####>#..........#.........
...####............#...)........
...##...###.......#..#......###.
..................#.#....##.#
....#####..###....o.#.#..# .#
..### #.## #...[)##.#..# # ...
#.# #.<..o##r##..# ...# ..#
##..@.#...##..?. ...# ..##
#...#.#o####.#..# ..## ...
#.....#.# .##..# .## ....
#.......# ... #....#### ###.##
###


You could see an orc priest and an orc.

Vanquished Creatures
  An orc priest (D:3)
  Terence (D:2)
  An adder (D:2)
  2 oozes
  2 worms (D:2)
  2 dart slugs (D:1)
  A leopard gecko (D:1)
  8 orcs
  A ball python (D:2)
  8 goblins
  7 hobgoblins
  8 jackals
  2 quokkas
  7 bats
  5 frilled lizards
  10 kobolds
  A rat (D:2)
67 creatures vanquished.

Notes
Turn   | Place    | Note
-------+----------+-------------------------------------------
     0 | D:1      | MisterOstroum the Oni Skald began the quest for the Orb.
     0 | D:1      | Reached XP level 1. HP: 17/17 MP: 5/5
    92 | D:1      | Reached XP level 2. HP: 20/24 MP: 4/7
    96 | D:1      | Learned a level 2 spell: Song of Slaying
   671 | D:1      | Reached XP level 3. HP: 27/30 MP: 3/8
  1143 | D:2      | Noticed Sigmund
  1174 | D:1      | Learned a level 3 spell: Spectral Weapon
  1360 | D:2      | Noticed Terence
  1499 | D:2      | Reached XP level 4. HP: 35/37 MP: 5/10
  1642 | D:2      | Learned a level 1 spell: Summon Butterflies
  1688 | D:2      | Found a runed door.
  2161 | D:2      | Killed Terence
  2162 | D:2      | Reached skill level 1 in Short Blades
  2344 | D:3      | Reached XP level 5. HP: 39/45 MP: 4/11
  2665 | D:3      | HP: 2/45 [orc priest/divine providence (10)]
  2667 | D:3      | Slain by an orc

Skill      XL: |  1  2  3  4 |
---------------+-------------+-----
Polearms       | 3 |  3.4
Short Blades   | 2 |  2.0
Fighting       | 3 |  3.2
Maces & Flails | |  0.2
Armour         | |  0.8
Dodging        | |  1.7
Spellcasting   | |  2.9
Conjurations   | |  2.9
Hexes          | |  2.9
Charms         | |  2.9
Summonings     | |  2.9
Necromancy     | |  2.9
Translocations | |  2.9
Transmutations | |  2.9
Fire Magic     | |  2.9
Ice Magic      | |  2.9
Air Magic      | |  2.9
Earth Magic    | |  2.9
Poison Magic   | |  2.9

Action                   |  1- 3 |  4- 6 || total
-------------------------+-------+-------++-------
Melee: Trident           |   107 |    12 ||   119
       Headbutt          |     6 |     9 ||    15
       Bite              |     5 |     3 ||     8
       Short sword       |       |    31 ||    31
       Whip              |       |     5 ||     5
 Cast: Infusion          |    10 |     4 ||    14
       Song of Slaying   |     2 |     3 ||     5
       Spectral Weapon   |       |     1 ||     1
  Use: Scroll            |     1 |       ||     1
  Eat: Chunk             |     5 |     4 ||     9
Armor: Leather armour    |    26 |    11 ||    37
Dodge: Dodged            |    58 |    19 ||    77
Block: Other             |     2 |    10 ||    12
